 Dungeon Sprint DCSS version 0.30.1-4-g462c640d31 (webtiles) character file.

Game seed: 16979155317967415554

3218 monsoonserge the Eclecticist (level 10, -10/60 HPs)
             Began as a Djinni Fire Elementalist on Sept 13, 2023.
             Was an Initiate of Ru.
             Killed from afar by a deep elf zephyrmancer (36 damage)
             ... with a bolt of lightning
             ... in the Dungeon (Sprint VII: "The Pits").
             The game lasted 00:12:32 (1395 turns).

monsoonserge the Eclecticist (DjFE)                 Turns: 1395, Time: 00:12:33

Health: -10/60     AC: 12    Str:  5    XL:     10   Next: 17%
Gold:   0          EV: 11    Int: 24    God:    Ru [......] SH:  0 Dex: 17

rFire   + + .        h - +2 long sword (holy)
rCold   x . .        (no shield)
rNeg    . . .        u - +5 ring mail
rPois   ∞            v - +0 helmet
rElec   .            (no cloak)
rCorr   .            (no gloves)
SInv    .            (boots unavailable)
Will    +....        (no amulet)
Stlth   +            o - +3 ring of intelligence
HPRegen 0.30/turn    p - +3 ring of dexterity
MPRegen 0.00/turn

%: no teleportation, infuse magic (-11 HP)
@: immotile, flying
A: sickness immunity, fire resistance 2, weak 1, cold vulnerability 1, float,
innate caster, HP casting, extra vitality 1
a: Renounce Religion


You were in the Dungeon.
You worshipped Ru.
Ru was noncommittal.
You visited 1 branch

Inventory:

Hand Weapons
 h - a +2 long sword of holy wrath (weapon)
 l - a +1 dagger of venom
 m - a +0 shortbow
 s - a +2 rapier of draining
 t - a +2 scimitar of holy wrath
Missiles
 w - 5 curare-tipped darts
Armour
 a - a +0 robe
 g - a +3 chain mail of willpower
 n - +0 steam dragon scales
 u - a +5 ring mail (worn)
 v - a +0 helmet (worn)
Jewellery
 o - a +3 ring of intelligence (left hand)
 p - a +3 ring of dexterity (right hand)
Scrolls
 f - a scroll of blinking
 j - a scroll of butterflies
 k - 2 scrolls of vulnerability
Potions
 b - 9 potions of curing
 c - 10 potions of heal wounds
 d - 2 potions of haste
 e - 3 potions of berserk rage
 i - 2 potions of invisibility
 q - a potion of might
 r - 2 potions of mutation


   Skills:
 + Level 2.1 Long Blades
 * Level 4.3 Armour
 + Level 6.8 Dodging
 - Level 2.0 Stealth
 * Level 15.9 Spellcasting
 - Level 4.0 Invocations


You knew the following spells:

 Your Spells              Type           Power      Damage    Failure   Level
a - Foxfire               Conj/Fire      100%       2x1d9     0%          1
b - Scorch                Fire           100%       2d9       1%          2
c - Volatile Blastmotes   Fire/Tloc      100%       2d18      1%          3
d - Inner Flame           Hex/Fire       77%        N/A       1%          3
e - Flame Wave            Conj/Fire      77%        2d17      1%          4
f - Slow                  Hex            100%       N/A       0%          1
g - Momentum Strike       Conj/Tloc      100%       3d10      1%          2
h - Confusing Touch       Hex            77%        N/A       1%          3
i - Anguish               Hex/Necr       38%        N/A       1%          4
Your spell library was empty.

Dungeon Overview and Level Annotations

Branches:
Dungeon (1/1)

Altars:
Ashenzari
Cheibriados
Dithmenos
Elyvilon
Fedhas
Gozag
Hepliaklqana
Makhleb
Nemelex Xobeh
Okawaru
Qazlal
Ru
Trog
Uskayaw
Wu Jian
Xom
Yredelemnul
Zin
The Shining One
Jiyva
Lugonu


Innate Abilities, Weirdness & Mutations

You are immune to sickness and miasma.
You are immune to poison.
Your flesh is very heat resistant. (rF++)
You are weak. (Str -2)
You are vulnerable to cold. (rC-)
You float through the air rather than walking.
You learn spells naturally, not from books.
Your magical power is your life essence.
You have superior vitality. (+4 MHP)


Message History

Your Armour skill increases to level 4!
Things that are here:
a +0 long sword; a +0 ring mail You start resting.
A deep elf zephyrmancer comes into view.
It is wielding a +0 rapier.
Casting: Scorch (safe; 1% risk of failure)
Confirm with . or Enter, or press ? or * to list all spells.
Okay, then.
Casting: Scorch (safe; 1% risk of failure)
Confirm with . or Enter, or press ? or * to list all spells.
Casting: Anguish (safe; 1% risk of failure)
Press: ? - help, Dir - look around, f - activate The deep elf zephyrmancer is haunted by guilt!
The deep elf zephyrmancer shouts!
The deep elf zephyrmancer mumbles some strange words.
The deep elf zephyrmancer blinks!
Casting: Anguish (safe; 1% risk of failure)
Confirm with . or Enter, or press ? or * to list all spells.
You can't see any susceptible monsters within range! (Use Z to cast anyway.) Unknown command.
Casting: Anguish (safe; 1% risk of failure)
Confirm with . or Enter, or press ? or * to list all spells.
Okay, then.
Casting: Anguish (safe; 1% risk of failure)
Confirm with . or Enter, or press ? or * to list all spells.
Aiming: Momentum Strike (safe; 1% risk of failure)
Press: ? - help, Dir - move target, f - deep elf zephyrmancer
Aim: a deep elf zephyrmancer, wielding a +0 rapier (anguished, 69% to hit)
The concentrated momentum hits the deep elf zephyrmancer!!
The deep elf zephyrmancer is heavily wounded.
You are unable to move.
Casting: Momentum Strike (safe; 1% risk of failure)
Confirm with . or Enter, or press ? or * to list all spells.
Flames lash the deep elf zephyrmancer.
The deep elf zephyrmancer is severely wounded.
The deep elf zephyrmancer's fire resistance burns away.
The deep elf zephyrmancer gestures at you while chanting.
The bolt of lightning hits you!!!
Ouch! That really hurt!
You die...

_____...###########++######
#######'##................#
(!')).'.##......#..#......#
#######.##................+
.........'................+
####'#####......#..#......#
.....#[.##........e.......#
....†#))#####§#####''######
##'###))##...).)@##++### ###
..)..#))##.......##....##..+
.....#..##.......##.).##...#
###'##'###)..<..e##..##...#
..).....##.......##..#..e#
........##.......##..e..#
##########.......##.##..#
#.#.##..############# ..+
.....#.########### ..#


You could see a deep elf zephyrmancer (combustible, anguished).

Vanquished Creatures
  Sonja (D)
  3 deep elf zephyrmancers (D)
  2 gargoyles (D)
  A steam dragon (D)
  A warg (D)
  2 floating eyes (D)
  A black bear (D)
  A centaur (D)
  A bullfrog (D)
  A scorpion (D)
  A hound (D)
  2 iguanas (D)
  2 adders (D)
  An ufetubus (D)
  An orc (D)
  A bat zombie (D)
  A hobgoblin (D)
  A kobold (D)
  2 ball pythons (D)
  A bat (D)
  2 rats (D)
29 creatures vanquished.

Vanquished Creatures (others)
  43 foxfires (D)
43 creatures vanquished.

Grand Total: 72 creatures vanquished

Notes
Turn   | Place    | Note
-------+----------+-------------------------------------------
     0 | D        | monsoonserge the Djinni Fire Elementalist began the quest
                  | for the Orb.
     0 | D        | monsoonserge set off with the following spells memorised:
                  | Foxfire, Scorch, Volatile Blastmotes, Inner Flame, Flame
                  | Wave.
     0 | D        | Reached XP level 1. HP: 15/15 MP: 0/0
    51 | D        | Found a glowing golden altar of the Shining One.
    51 | D        | Found a glowing silver altar of Zin.
    51 | D        | Found a basalt altar of Yredelemnul.
    51 | D        | Found a shimmering altar of Xom.
    51 | D        | Found an ornate altar of the Wu Jian Council.
    51 | D        | Found a bloodstained altar of Trog.
    51 | D        | Found a sacrificial altar of Ru.
    51 | D        | Found a stormy altar of Qazlal.
    51 | D        | Found an iron altar of Okawaru.
    51 | D        | Found a sparkling altar of Nemelex Xobeh.
    51 | D        | Found a burning altar of Makhleb.
    51 | D        | Found a viscous altar of Jiyva.
    51 | D        | Found a hazy altar of Hepliaklqana.
    51 | D        | Found an opulent altar of Gozag.
    51 | D        | Found a blossoming altar of Fedhas.
    51 | D        | Found a white marble altar of Elyvilon.
    51 | D        | Found a shadowy altar of Dithmenos.
    51 | D        | Found a snail-covered altar of Cheibriados.
    52 | D        | Found a corrupted altar of Lugonu.
    53 | D        | Found a hide-covered altar of Uskayaw.
    53 | D        | Found a broken altar of Ashenzari.
    58 | D        | Became a worshipper of Elyvilon the Healer
    71 | D        | Noticed a floating eye
    73 | D        | Paralysed by a floating eye for 2 turns
    79 | D        | Killed a floating eye
    80 | D        | Reached skill level 7 in Spellcasting
    80 | D        | Reached XP level 2. HP: 17/21 MP: 0/0
    80 | D        | Reached XP level 3. HP: 21/25 MP: 0/0
    80 | D        | Learned a level 1 spell: Slow
    80 | D        | Reached XP level 4. HP: 26/31 MP: 0/0
    80 | D        | Reached XP level 5. HP: 29/35 MP: 0/0
    80 | D        | Learned a level 2 spell: Momentum Strike
   118 | D        | Reached skill level 8 in Spellcasting
   177 | D        | Reached skill level 1 in Invocations
   177 | D        | Reached XP level 6. HP: 32/40 MP: 0/0
   239 | D        | Noticed a warg
   253 | D        | Killed a warg
   254 | D        | Reached skill level 1 in Long Blades
   254 | D        | Reached skill level 9 in Spellcasting
   256 | D        | Reached skill level 10 in Spellcasting
   256 | D        | Reached XP level 7. HP: 4/45 MP: 0/0
   256 | D        | Learned a level 3 spell: Confusing Touch
   430 | D        | Reached skill level 11 in Spellcasting
   487 | D        | Noticed a gargoyle
   493 | D        | Killed a gargoyle
   494 | D        | Reached skill level 5 in Dodging
   494 | D        | Reached skill level 12 in Spellcasting
   494 | D        | Reached XP level 8. HP: 27/50 MP: 0/0
   584 | D        | Paralysed by a floating eye for 4 turns
   697 | D        | Noticed a gargoyle
   724 | D        | Killed a gargoyle
   725 | D        | Reached skill level 13 in Spellcasting
   916 | D        | Reached XP level 9. HP: 32/55 MP: 0/0
   916 | D        | Learned a level 4 spell: Anguish
   938 | D        | Fell from the grace of Elyvilon
   938 | D        | Became a worshipper of Ru the Awakened
  1022 | D        | Got the +4 quarterstaff "Xauminu" {pain, rN+ Str+2 Dex+2}
  1116 | D        | Noticed Sonja
  1116 | D        | Noticed a deep elf zephyrmancer
  1134 | D        | Killed a deep elf zephyrmancer
  1135 | D        | Reached skill level 14 in Spellcasting
  1141 | D        | Killed Sonja
  1142 | D        | Reached skill level 15 in Spellcasting
  1273 | D        | Noticed a deep elf zephyrmancer
  1284 | D        | Killed a deep elf zephyrmancer
  1285 | D        | Reached XP level 10. HP: 13/60 MP: 0/0
  1285 | D        | Gained mutation: You are weak. (Str -2) [Ru sacrifice]
  1287 | D        | Noticed a deep elf zephyrmancer
  1303 | D        | Killed a deep elf zephyrmancer
  1392 | D        | Noticed a deep elf zephyrmancer
  1395 | D        | Killed from afar by a deep elf zephyrmancer

Illustrated notes

Levels and vault maps discovered:
D:        pitsprint [storerooms_1, entrance_room_1, metal_vault_7, armoury_2,
          mini_pit_1, grid_room_1, main_hall_1, silver_pit, the_coven_2,
          the_vestibule_1, steel_vault_1, golden_pit, hallway_of_sentries,
          crystal_vault_5, iron_vault_2, final_vault]

Skill      XL: |  1  2  3  4  5  6  7  8  9 10 |
---------------+-------------------------------+-----
Dodging        | 3 4 5 6 |  6.8
Stealth        | 2 |  2.0
Spellcasting   | 7 8 10 12 13 15 | 15.9
Invocations    | 1 3 4 |  4.0
Long Blades    | 1 2 |  2.1
Armour         | 3 4 |  4.3

Action                     |  1- 3 |  4- 6 |  7- 9 | 10-12 || total
---------------------------+-------+-------+-------+-------++-------
  Melee: Falchion          |     2 |       |       |       ||     2
   Cast: Foxfire           |     6 |     9 |    10 |       ||    25
         Flame Wave        |       |     2 |     1 |       ||     3
         Momentum Strike   |       |     1 |     1 |     1 ||     3
         Volatile Blastmot |       |     3 |    20 |     2 ||    25
         Scorch            |       |       |    12 |     4 ||    16
         Anguish           |       |       |     1 |     1 ||     2
 Invoke: Sacrifice Purity  |       |       |       |     1 ||     1
 Armour: Robe              |       |     1 |     4 |       ||     5
  Dodge: Dodged            |     1 |    11 |     9 |       ||    21
